 Dungeon Crawl Stone Soup version 0.18.1-8-gdd0e5ea (webtiles) character file.

212 mindo the Conjurer (level 5, -7/28 HPs)
             Began as a Deep Elf Conjurer on June 12, 2016.
             Mangled by an ogre
             ... wielding a +0 giant spiked club
              (35 damage)
             ... on level 3 of the Dungeon.
             The game lasted 00:18:42 (3232 turns).

mindo the Conjurer (Deep Elf Conjurer)              Turns: 3232, Time: 00:18:42

Health: -7/28      AC:  3    Str:  5    XL:     5   Next: 58%
Magic:  15/15      EV: 12    Int: 21    God:
Gold:   126        SH:  0    Dex: 15    Spells: 3 memorised, 8 levels left

rFire  . . .     SeeInvis .     (no weapon)
rCold  . . .     Gourm    .     a - +0 robe
rNeg   . . .     Faith    .     (no shield)
rPois  .         Spirit   .     (no helmet)
rElec  .         Dismiss  .     s - +0 cloak
rCorr  .         Reflect  .     (no gloves)
SustAt .         Harm     .     (no boots)
MR     .....                    (no amulet)
Stlth  ++........               (no ring)
                                (no ring)

@: drained, not resistant to hostile enchantments, unstealthy
A: no striking features
a: no special abilities


You were on level 3 of the Dungeon.
You were not hungry.

You visited 1 branch of the dungeon, and saw 4 of its levels.

You collected 126 gold pieces.

Inventory:

Hand Weapons
 r - a +2 quarterstaff of chaos
Armour
 a - a +0 robe (worn)
 k - a cursed +0 cloak
 s - a +0 cloak (worn)
Jewellery
 q - an uncursed amulet of faith {unknown}
Scrolls
 d - a scroll of fog
 e - a scroll of identify {unknown}
 g - a scroll of noise
 h - a scroll of remove curse
 n - a scroll of enchant weapon {unknown}
Potions
 i - a potion of brilliance {unknown}
 j - a potion of berserk rage {unknown}
 l - a potion of magic {unknown}
 m - a potion of curing {unknown}
 p - a potion of degeneration {unknown}
Books
 b - a book of Conjurations

   Spells                             Type                      Level
   a - Magic Dart                     Conjuration                  1
   b - Searing Ray                    Conjuration                  2
   c - Dazzling Spray                 Conjuration/Hexes            3
   d - Fulminant Prism                Conjuration/Hexes            4
   e - Iskenderun's Mystic Blast      Conjuration                  4
   f - Iskenderun's Battlesphere      Conjuration/Charms           5
 o - a book of the Earth

   Spells                             Type                      Level
   a - Leda's Liquefaction            Hexes/Earth                  4
   b - Bolt of Magma                  Conjuration/Fire/Earth       5
   c - Statue Form                    Transmutation/Earth          6
   d - Iron Shot                      Conjuration/Earth            6
   e - Shatter                        Earth                        9
Comestibles
 c - 3 bread rations
 f - 4 meat rations


   Skills:
 - Level 2.4(2.2) Dodging
 + Level 3.4(3.2) Stealth
 * Level 5.8(5.6) Spellcasting
 + Level 5.9(5.7) Conjurations


You had 8 spell levels left.
You knew the following spells:

 Your Spells              Type           Power        Failure   Level  Hunger
a - Magic Dart            Conj           ####         1%          1    None
b - Searing Ray           Conj           ####..       1%          2    None
c - Iskenderun's Mystic   Conj           ####....     12%         4    ####...


Dungeon Overview and Level Annotations

Branches:
Dungeon (4/15)
 Temple: D:4-7

Altars:
Dithmenos
Gozag
The Shining One

Annotations:
D:3 Sigmund


Message History

You see here 29 stones.
Things that are here:
a robe; a dagger You see here a stone.
You see here 5 tomahawks.
Things that are here:
3 tomahawks; a short sword
Things that are here:
a robe; a dagger You see here a buckler.
There is a stone staircase leading down here.
The ogre closely misses you.
You climb downwards.
There is a stone staircase leading up here.
You climb upwards.
Level annotation: Sigmund
There is a stone staircase leading down here.
The ogre hits you with a giant spiked club!!
Ouch! That really hurt!
You die...

#.....###########
##...## #[###
#######.# #.......#
#.##....##
##.#..#...##
.....###.#.#########
##.#..#..##.....@O.#
#.....(##...#####>#
#####..#..#.# #.#
##......# #.#
#.####.# #.#
#.####.# #.#
#.##...## #.#
##.##....####.#
#......_.......


You could see an ogre.

Vanquished Creatures
  2 orc wizards (D:3)
  Crazy Yiuf (D:2)
  5 adders
  4 worms
  A dart slug (D:2)
  A giant gecko (D:3)
  6 orcs (D:3)
  4 bats
  2 giant cockroaches
  8 goblins
  8 hobgoblins
  2 jackals (D:1)
  2 quokkas (D:2)
  7 giant newts
  4 kobolds
  5 rats
62 creatures vanquished.

Notes
Turn   | Place    | Note
--------------------------------------------------------------
     0 | D:1      | mindo the Deep Elf Conjurer began the quest for the Orb.
     0 | D:1      | Reached XP level 1. HP: 10/10 MP: 6/6
   328 | D:1      | Reached XP level 2. HP: 15/15 MP: 0/8
   796 | D:2      | Reached skill level 5 in Conjurations
   941 | D:2      | Reached XP level 3. HP: 12/19 MP: 3/10
  1167 | D:2      | Learned a level 2 spell: Searing Ray
  1489 | D:2      | Found a glowing golden altar of the Shining One.
  1559 | D:2      | Reached XP level 4. HP: 24/24 MP: 6/12
  1723 | D:3      | Noticed Sigmund
  1782 | D:3      | Found an opulent altar of Gozag.
  1988 | D:3      | Reached skill level 5 in Spellcasting
  1989 | D:3      | Reached XP level 5. HP: 14/28 MP: 4/14
  2513 | D:3      | Found a shadowy altar of Dithmenos.
  2572 | D:3      | Noticed Crazy Yiuf
  2605 | D:2      | Killed Crazy Yiuf
  2849 | D:2      | Learned a level 4 spell: Iskenderun's Mystic Blast
  3134 | D:3      | Noticed an ogre
  3232 | D:3      | Mangled by an ogre

Skill      XL: |  1  2  3  4 |
---------------+-------------+-----
Conjurations   | 5 |  5.9
Spellcasting   | 4 5 |  5.8
Stealth        | 3 |  3.4
Dodging        | |  2.4

Action                   |  1- 3 |  4- 6 || total
-------------------------+-------+-------++-------
Melee: Unarmed           |     2 |       ||     2
 Cast: Magic Dart        |    70 |    48 ||   118
       Searing Ray       |     3 |     4 ||     7
  Use: Scroll            |       |     3 ||     3
  Eat: Royal jelly       |     1 |       ||     1
       Meat ration       |       |     1 ||     1
Armor: Robe              |     2 |       ||     2
Dodge: Dodged            |     9 |     5 ||    14
